 Dungeon Crawl Stone Soup version 0.21.1-1-g345015fe64 (webtiles) character file.

854 PikkenKukken the Chiller (level 8, -4/57 HPs)
             Began as a Merfolk Ice Elementalist on June 9, 2018.
             Was a Follower of Sif Muna.
             Slain by Duvessa
             ... wielding a +0 short sword
              (13 damage)
             ... on level 5 of the Dungeon.
             The game lasted 00:22:13 (6673 turns).

PikkenKukken the Chiller (Merfolk Ice Elementalist) Turns: 6673, Time: 00:22:14

Health: -4/57      AC:  7    Str:  9    XL:     8   Next: 1%
Magic:  2/14       EV: 14    Int: 15    God:    Sif Muna [*.....]
Gold:   85         SH:  0    Dex: 15    Spells: 10/16 levels left

rFire    . . .     SeeInvis +   l - +0 halberd
rCold    . . .     Gourm    .   (shield currently unavailable)
rNeg     . . .     Faith    .   a - +0 robe
rPois    +         Spirit   .   (helmet restricted)
rElec    .         Reflect  .   (no cloak)
rCorr    .         Harm     .   (no gloves)
MR       +....                  (no boots)
Stlth    ++........             (no amulet)
HPRegen  0.19/turn              e - ring of protection from magic
MPRegen  0.14/turn              (no ring)

@: icy armour, slow
A: change form in water, swift swim, stealthy swim, horns 1, see invisible,
poison resistance
a: Divine Energy, Renounce Religion


You were on level 5 of the Dungeon.
You worshipped Sif Muna.
Sif Muna was aware of your devotion.
You were not hungry.

You visited 1 branch of the dungeon, and saw 6 of its levels.

You collected 85 gold pieces.

Inventory:

Hand Weapons
 g - a +1 vampiric dagger
 h - a +0 dagger
 j - a +0 rapier
 l - a +0 halberd (weapon)
Missiles
 m - 16 bolts
Armour
 a - a +0 robe (worn)
Jewellery
 e - a ring of protection from magic (left hand)
Wands
 d - a wand of flame (4)
Scrolls
 o - a scroll of amnesia {unknown}
Potions
 i - a potion of heal wounds
 k - 2 potions of curing
 n - a potion of degeneration {unknown}
 p - a potion of flight {unknown}
Books
 b - a book of Frost

   Spells                             Type                      Level
   a - Freeze                         Ice                          1
   b - Throw Frost                    Conjuration/Ice              2
   c - Ozocubu's Armour               Charms/Ice                   3
   d - Throw Icicle                   Conjuration/Ice              4
   e - Summon Ice Beast               Ice/Summoning                4
Comestibles
 c - 5 rations
 f - 5 chunks of flesh


   Skills:
 * Level 2.5 Fighting
 - Level 1.4 Short Blades
 * Level 4.8 Polearms
 + Level 4.4 Dodging
 - Level 2.3 Stealth
 + Level 4.5 Spellcasting
 * Level 2.3 Conjurations
 + Level 0.4 Charms
 + Level 5.5 Ice Magic


You had 10 spell levels left.
You knew the following spells:

 Your Spells              Type           Power        Failure   Level  Hunger
a - Freeze                Ice            ###.         1%          1    None
b - Throw Frost           Conj/Ice       ###...       4%          2    ##.....
c - Ozocubu's Armour      Chrm/Ice       ##......     16%         3    ###....


Dungeon Overview and Level Annotations

Branches:
Dungeon (6/15)             Temple (0/1) D:5

Altars:
Sif Muna
Yredelemnul

Shops:
D:4 *

Annotations:
D:5 Duvessa


Innate Abilities, Weirdness & Mutations

You revert to your normal form in water.
You are very nimble and swift while swimming.
You are very stealthy in the water. (Stealth+)
You have a pair of small horns on your head.
You have supernaturally acute eyesight. (SInv)
Your system is resistant to poisons. (rPois)


Message History

Aiming: Freeze
Press: ? - help, Shift-Dir - straight line, f/p - Duvessa
Aim: Duvessa, wielding a short sword, wearing a ring mail and wearing a dented silver amulet (heavily wounded, berserk, fast, unusually strong)
You freeze Duvessa.
Duvessa is severely wounded.
Duvessa hits you with a short sword.
Casting: Freeze
Confirm with . or Enter, or press ? or * to list all spells.
Aiming: Freeze
Press: ? - help, Shift-Dir - straight line, f/p - Duvessa
Aim: Duvessa, wielding a short sword, wearing a ring mail and wearing a dented silver amulet (severely wounded, berserk, fast, unusually strong)
You freeze Duvessa.
Duvessa is almost dead.
Duvessa hits you with a short sword!
* * * LOW HITPOINT WARNING * * *
Duvessa closely misses you.
You barely miss Duvessa. You headbutt Duvessa, but do no damage.
Duvessa is almost dead.
Duvessa hits you with a short sword!
You die...

,,####.....# #.#
#.........# ,,* #.....###.#
#.........###### ***
##.#....#.#
#...............
#.#....#.###....#########..
#.#....#.)<#....# #..
####+#....#####....#### #..
#..........)....#.....# #..
#.....#...#######.....#
###..
#.....#.#...e@..'.....#
#...#
#.......#.#######.....#
#...# #######'#.# #.....#
#...# #......# #######
#...# ****
#......########*#######...#
,,,*
#......'.......,...........
,,,*
#......########,........###
,>,* #......# *,........#
,,,* ####'### *,........#


You could see Duvessa (berserk).

Vanquished Creatures
  The ghost of Kohma the Spear-Bearer, an amateur MfGl (D:3)
  A phantom (D:4)
  A necrophage (D:5)
  Blork the orc (D:4)
  Dowan (D:5)
  A crimson imp (D:5)
  2 bullfrog skeletons (D:4)
  2 orc priests
  Terence (D:1)
  3 worker ants
  A hound skeleton (D:4)
  3 adders
  4 gnolls
  An ooze (D:3)
  An adder skeleton (D:5)
  3 worms
  3 dart slugs
  2 leopard geckos
  5 orcs
  6 giant cockroaches
  11 goblins
  12 hobgoblins
  7 jackals
  A quokka (D:4)
  3 ball pythons
  7 bats
  2 frilled lizards (D:3)
  9 kobolds
  A leopard gecko skeleton (D:5)
  8 rats
104 creatures vanquished.

Notes
Turn   | Place    | Note
-------+----------+-------------------------------------------
     0 | D:1      | PikkenKukken the Merfolk Ice Elementalist began the quest for the Orb.
     0 | D:1      | Reached XP level 1. HP: 13/13 MP: 3/3
   170 | D:1      | Reached XP level 2. HP: 19/19 MP: 3/5
   544 | D:1      | Reached skill level 4 in Ice Magic
   604 | D:1      | Reached XP level 3. HP: 19/24 MP: 4/6
   820 | D:1      | Learned a level 2 spell: Throw Frost
   824 | D:1      | Learned a level 3 spell: Ozocubu's Armour
   945 | D:1      | Gained mutation: You have supernaturally acute eyesight. (SInv) [potion of mutation]
   945 | D:1      | Gained mutation: Your system is resistant to poisons. (rPois) [potion of mutation]
   945 | D:1      | Gained mutation: You have a pair of small horns on your head. [potion of mutation]
  1689 | D:2      | Noticed Terence
  1769 | D:1      | Killed Terence
  1769 | D:1      | Reached skill level 1 in Short Blades
  1769 | D:1      | Reached XP level 4. HP: 15/30 MP: 0/8
  2671 | D:3      | Reached XP level 5. HP: 36/36 MP: 2/9
  2686 | D:3      | Noticed Kohma's ghost (amateur MfGl)
  3030 | D:3      | Found a deep blue altar of Sif Muna.
  3030 | D:3      | Found a basalt altar of Yredelemnul.
  3035 | D:3      | Became a worshipper of Sif Muna the Loreminder
  3060 | D:3      | Reached skill level 1 in Conjurations
  3963 | D:2      | Reached XP level 6. HP: 41/42 MP: 6/11
  4129 | D:3      | Reached skill level 5 in Ice Magic
  4232 | D:3      | Killed Kohma's ghost
  4232 | D:3      | Reached skill level 1 in Fighting
  4232 | D:3      | Reached skill level 1 in Polearms
  4511 | D:4      | Noticed Blork the orc
  4798 | D:4      | Killed Blork the orc
  4798 | D:4      | Reached * piety under Sif Muna
  4798 | D:4      | Reached XP level 7. HP: 28/48 MP: 7/13
  5424 | D:4      | Found Routs's General Store.
  6020 | D:5      | Entered Level 5 of the Dungeon
  6224 | D:5      | Noticed Dowan
  6227 | D:5      | Noticed Duvessa
  6373 | D:5      | Killed Dowan
  6453 | D:5      | Reached XP level 8. HP: 57/57 MP: 9/14
  6541 | D:5      | You fall through a shaft!
  6673 | D:5      | Slain by Duvessa

Skill      XL: |  1  2  3  4  5  6  7 |
---------------+----------------------+-----
Ice Magic      | 4 5 |  5.5
Dodging        | 3 4 |  4.4
Short Blades   | 1 |  1.4
Spellcasting   | 3 4 |  4.5
Conjurations   | 1 2 |  2.3
Fighting       | 1 2 |  2.5
Polearms       | 1 4 |  4.8
Stealth        | |  2.3
Charms         | |  0.4

Action                   |  1- 3 |  4- 6 |  7- 9 || total
-------------------------+-------+-------+-------++-------
Melee: Unarmed           |     8 |       |       ||     8
       Dagger            |    51 |    11 |       ||    62
       Headbutt          |     1 |     9 |     6 ||    16
       Rapier            |       |    45 |       ||    45
       Halberd           |       |    12 |    61 ||    73
 Cast: Freeze            |    44 |    55 |    21 ||   120
       Throw Frost       |     4 |    21 |    14 ||    39
       Ozocubu's Armour  |     1 |     1 |     2 ||     4
  Use: Potion            |     3 |     1 |     1 ||     5
       Scroll            |     3 |       |     3 ||     6
 Stab: Sleeping          |     7 |     3 |     2 ||    12
       Distracted        |       |     1 |       ||     1
  Eat: Chunk             |     3 |    12 |       ||    15
       Ration            |       |       |     2 ||     2
Armor: Robe              |    21 |     9 |     6 ||    36
Dodge: Dodged            |    57 |   107 |    40 ||   204
